 Dungeon Crawl Stone Soup version 0.26-a0-931-g326f72de0d (webtiles) character file.

Game seed: 4563252857188861070

39 miket3c the Chopper (level 3, 33/33 HPs)
             Began as a Minotaur Berserker on Oct 13, 2020.
             Was a Believer of Trog.
             Quit the game on level 1 of the Dungeon on Nov 26, 2020.
             The game lasted 00:07:47 (1421 turns).

miket3c the Chopper (Minotaur Berserker)            Turns: 1421, Time: 00:07:48

Health: 33/33      AC:  2    Str: 22    XL:     3   Next: 28%
Magic:  2/2        EV: 12    Int:  4    God:    Trog [**....]
Gold:   39         SH:  0    Dex:  9    Spells: 2/2 levels left

rFire    . . .     SeeInvis .   a - +0 hand axe
rCold    . . .     Faith    .   (no shield)
rNeg     . . .     Spirit   .   b - +0 animal skin
rPois    .         Reflect  .   (helmet restricted)
rElec    .         Harm     .   (no cloak)
rCorr    .         Rampage  .   (no gloves)
MR       .....                  (no boots)
Stlth    +.........             (no amulet)
HPRegen  0.11/turn              (no ring)
MPRegen  0.08/turn              (no ring)

@: lightly drained
A: retaliatory headbutt, horns 2
a: Berserk, Trog's Hand, Renounce Religion


You were on level 1 of the Dungeon.
You worshipped Trog.
Trog was pleased with you.
You visited 1 branch of the dungeon, and saw 1 of its levels.

You collected 39 gold pieces.

Inventory:

Hand Weapons
 a - a +0 hand axe (weapon)
 d - a +2 dagger of draining
Missiles
 e - 33 stones (quivered)
 g - 5 poisoned darts
Armour
 b - a +0 animal skin (worn)
Scrolls
 c - 2 scrolls of identify {unknown}
 j - a scroll of fog {unknown}
Potions
 f - a potion of curing {unknown}
 h - a potion of cancellation {unknown}
 i - a potion of lignification {unknown}


   Skills:
 + Level 4.2(4.1) Fighting
 + Level 4.3 Axes
 + Level 2.6 Armour
 + Level 2.5 Dodging
 + Level 0.2 Stealth


You had 2 spell levels left.
You didn't know any spells.
Your spell library was empty.

Dungeon Overview and Level Annotations

Branches:
Dungeon (1/15)

Altars:
Nemelex Xobeh


Innate Abilities, Weirdness & Mutations

You reflexively headbutt those who attack you in melee.
You have a pair of horns on your head.


Message History

The giant cockroach bites you.
You hit the giant cockroach but do no damage.
The giant cockroach is almost dead.
The giant cockroach barely misses you.
You closely miss the giant cockroach.
The giant cockroach is almost dead.
The giant cockroach barely misses you. The giant cockroach bites you.
You hit the giant cockroach.
You kill the giant cockroach!
Trog accepts your kill.
A jackal comes into view.
The jackal barks!
You slash the jackal!
You kill the jackal!
Trog accepts your kill.
You see here a jackal corpse.
Welcome back, miket3c the Minotaur Berserker.
Trog says: Kill them all!
Press ? for a list of commands and other information.
Are you sure you want to abandon this character and quit the game? (Confirm with "yes".)

####.####.#
#..########)..### .....#
#.# ####.............# #
###### #.#
#......##..#.##.#### #.#
#......'............ #.#
#......##..#.#.####.
#.#######....#..#.#.####.
#............#..#...#....
#########.#.##..#####.###
.......@...(#........#
########.#.##....#####
#####.....###.#
#...###.#.###.#
######.#.###....##.#
................##.#
######..#######.##.#
#.)........##.#
##########...#########.#


There were no monsters in sight!

Vanquished Creatures
  A dart slug (D:1)
  A leopard gecko (D:1)
  2 giant cockroaches (D:1)
  3 goblins (D:1)
  5 hobgoblins (D:1)
  9 jackals (D:1)
  2 frilled lizards (D:1)
  4 kobolds (D:1)
  5 rats (D:1)
32 creatures vanquished.

Notes
Turn   | Place    | Note
-------+----------+-------------------------------------------
     0 | D:1      | miket3c the Minotaur Berserker began the quest for the Orb.
     0 | D:1      | Reached XP level 1. HP: 19/19 MP: 0/0
   210 | D:1      | Reached XP level 2. HP: 7/27 MP: 1/1
   795 | D:1      | Found a sparkling altar of Nemelex Xobeh.
  1069 | D:1      | Reached XP level 3. HP: 33/33 MP: 2/2
  1169 | D:1      | Reached ** piety under Trog
  1421 | D:1      | Upgraded the game from 0.26-a0-665-gefeb406119 to
                  | 0.26-a0-931-g326f72de0d
  1421 | D:1      | Quit the game

Illustrated notes

Levels and vault maps discovered:
D:1:      lemuel_arrival_rhombus, layout_basic,
          nemelex_xobeh_ov_fountains_minmay

Skill      XL: |  1  2 |
---------------+-------+-----
Fighting       | 4 |  4.2
Axes           | 4 |  4.3
Armour         | |  2.6
Dodging        | |  2.5
Stealth        | |  0.2

Action                   || total
-------------------------++-------
Melee: Hand axe          ||    71
       Headbutt          ||     8
Invok: Berserk           ||     1
Armor: Animal skin       ||     5
Dodge: Dodged            ||    43

Table legend: (Time is in decaauts)
 A = Elapsed time spent in this place.
 B = Non-inter-level travel time spent in this place.
 C = Inter-level travel time spent in this place.
 D = Time resting spent in this place.
 E = Time spent auto-exploring this place.
 F = Levels seen in this place.
 G = Mean time per level.
                   A        B        C        D        E       F      G
               +--------+--------+--------+--------+--------+-----+--------+
         Total |   1436 |   1417 |     19 |    571 |    620 |   1 | 1436.0 |
       Dungeon |   1436 |   1417 |     19 |    571 |    620 |   1 | 1436.0 |
               +--------+--------+--------+--------+--------+-----+--------+

Top non-repeatable levels by time:
     D:1: 1436 daAuts
